 Dungeon Crawl Stone Soup version 0.23-a0-703-gdf2d5e0dd9 (webtiles) character file.

35 Morbidden the Twirler (level 3, -2/37 HPs)
             Began as an Ogre Gladiator on Jan 13, 2019.
             Slain by an adder (5 damage)
             ... on level 2 of the Dungeon.
             The game lasted 00:02:48 (1044 turns).

Morbidden the Twirler (Ogre Gladiator)              Turns: 1044, Time: 00:02:49

Health: -2/37      AC:  3    Str: 19    XL:     3   Next: 35%
Magic:  12/12      EV: 10    Int:  9    God:
Gold:   66         SH:  0    Dex: 10    Spells: 2/2 levels left

rFire    . . .     SeeInvis .   a - +0 quarterstaff
rCold    . . .     Gourm    .   (shield currently unavailable)
rNeg     . . .     Faith    .   b - +0 robe
rPois    +         Spirit   .   c - +0 hat
rElec    .         Reflect  .   (no cloak)
rCorr    .         Harm     .   (gloves unavailable)
MR       .....                  (boots unavailable)
Stlth    +.........             (no amulet)
HPRegen  0.12/turn              g - ring of magical power
MPRegen  0.13/turn              j - ring of poison resistance

@: no status effects
A: large, unfitting armour, tough skin 1
a: no special abilities


You were on level 2 of the Dungeon.
You were not hungry.

You visited 1 branch of the dungeon, and saw 2 of its levels.

You collected 66 gold pieces.

Inventory:

Hand Weapons
 a - a +0 quarterstaff (weapon)
Missiles
 d - 3 throwing nets
 k - 41 stones (quivered)
Armour
 b - a +0 robe (worn)
 c - a +0 hat (worn)
Jewellery
 g - a ring of magical power (left hand)
 j - a ring of poison resistance (right hand)
Scrolls
 e - a scroll of enchant weapon {unknown}
 h - a scroll of identify {unknown}
 i - a scroll of immolation {unknown}
Comestibles
 f - 2 rations


   Skills:
 * Level 3.1 Fighting
 * Level 3.7 Staves
 + Level 2.1 Throwing
 + Level 3.0 Dodging


You had 2 spell levels left.
You didn't know any spells.
Your spell library was empty.

Dungeon Overview and Level Annotations

Branches:
Dungeon (2/15)

Altars:


Innate Abilities, Weirdness & Mutations

You are too large for most types of armour.
You have tough skin. (AC +1)


Message History

There is an open door here.
There is an open door here.
An adder comes into view.
The adder hisses angrily.
The adder moves out of view.
Found 26 stones.
The adder bites you.
* * * LOW HITPOINT WARNING * * *
The adder bites you.
* * * LOW HITPOINT WARNING * * *
The adder closely misses you.
Unknown command.
The adder bites you but does no damage. The adder bites you.
* * * LOW HITPOINT WARNING * * *
Unknown command.
You aren't carrying any potions.
Unknown command.
The adder bites you.
You die...

#.# ####... #.# #......
#.# #.....# #.# #.....#
#.##### #.....#
##♣♣♣......
###.....######.g........
.........).)...♣♣♣......
.......@###...##........
......gS# #...##........
........# ######......##
.....(gg# #......#
###....g# #......##
#.....# #........
#.....# #...g....
###.....# ###......
+.......# ###g...


You could see an adder, a hobgoblin and 3 goblins.

Vanquished Creatures
  Robin (D:2)
  A dart slug (D:1)
  A giant cockroach (D:1)
  7 goblins
  4 hobgoblins
  2 bats (D:1)
  A frilled lizard (D:2)
  A kobold (D:2)
  4 rats (D:1)
22 creatures vanquished.

Notes
Turn   | Place    | Note
-------+----------+-------------------------------------------
     0 | D:1      | Morbidden the Ogre Gladiator began the quest for the Orb.
     0 | D:1      | Reached XP level 1. HP: 22/22 MP: 1/1
   212 | D:1      | Reached XP level 2. HP: 29/29 MP: 2/2
   971 | D:2      | Noticed Robin
   992 | D:2      | Killed Robin
   992 | D:2      | Reached XP level 3. HP: 22/37 MP: 3/3
  1044 | D:2      | Slain by an adder

Vault maps used:
D:1:      minmay_arrival_hallway
D:2:      serial_forest, infiniplex_forest_clump_diagonal,
          infiniplex_forest_straight_1, infiniplex_forest_clump_medium,
          infiniplex_forest_straight_3, infiniplex_forest_zigzag_1,
          infiniplex_forest_lined_ring, infiniplex_forest_3_way, uniq_robin

Skill      XL: |  1  2 |
---------------+-------+-----
Fighting       | 3 |  3.1
Dodging        | 3 |  3.0
Staves         | |  3.7
Throwing       | |  2.1

Action                   || total
-------------------------++-------
Melee: Quarterstaff      ||    69
Throw: Stone             ||     6
  Use: Potion            ||     1
 Stab: Sleeping          ||     1
Armor: Robe              ||    18
Dodge: Dodged            ||    36

Table legend:
 A = Non-vault XP
 B = Vault XP
 C = Vault XP percentage of total XP
 D = Non-vault monster count
 E = Vault monster count
 F = Vault count percentage of total count
                 A         B        C        D         E       F
            +---------+---------+-------+---------+---------+-------
      Total |      24 |      27 |  52.9 |      15 |       7 |  31.8
            +---------+---------+-------+---------+---------+-------
        D:1 |      20 |       0 |   0.0 |      12 |       0 |   0.0
        D:2 |       4 |      27 |  87.1 |       3 |       7 |  70.0
            +---------+---------+-------+---------+---------+-------
